 Dungeon Sprint DCSS version 0.27-a0-1113-gb2b6fe9c5e (webtiles) character file.

Game seed: 11669972447782438144

0 Conn the Firebug (level 1, -11/11 HPs)
             Began as an Octopode Fire Elementalist on May 1, 2021.
             Mangled by a merfolk siren
             ... wielding a +0 trident
              (13 damage)
             ... in the Dungeon (Sprint II: "The Violet Keep of Menkaure").
             The game lasted 00:02:51 (24 turns).

Conn the Firebug (Octopode Fire Elementalist)         Turns: 24, Time: 00:02:57

Health: -11/11     AC:  1    Str:  7    XL:     1   Next: 0%
Magic:  0/3        EV: 13    Int: 17    God:
Gold:   243        SH:  0    Dex: 12    Spells: 3/4 levels left

rFire    . . .     SeeInvis .   (no weapon)
rCold    . . .     Faith    .   (no shield)
rNeg     . . .     Spirit   .   (helmet restricted)
rPois    .         Reflect  .   (no amulet)
rElec    .         Harm     .   (no ring)
rCorr    .         Rampage  .   (no ring)
Will     .....     NoTele   +   (no ring)
Stlth    ++++......             (no ring)
HPRegen  0.03/turn              (no ring)
MPRegen  0.08/turn              (no ring)
                                (no ring)
                                (no ring)

@: very slightly contaminated, hasted, very quick
A: almost no armour, amphibious, 8 rings, camouflage 1, gelatinous body 1,
nimble swimmer 1, tentacles
a: no special abilities


You were in the Dungeon.
You visited 1 branch You collected 243 gold pieces.

Inventory:

Potions
 b - a potion of curing
 c - a potion of heal wounds
 e - a potion of magic
 f - a potion of berserk rage


   Skills:
 + Level 2.0 Dodging
 + Level 2.6 Stealth
 + Level 2.0 Spellcasting
 + Level 1.0 Conjurations
 + Level 3.0 Fire Magic


You had 3 spell levels left.
You knew the following spells:

 Your Spells              Type           Power      Damage    Failure   Level
a - Foxfire               Conj/Fire      32%        2x1d5     9%          1

Your spell library contained the following spells:

 Spells                   Type           Power      Damage    Failure   Level
 Conjure Flame            Conj/Fire      8%         6-21      26%         3
 Inner Flame              Hex/Fire       6%         N/A       30%         3
 Sticky Flame             Conj/Fire      8%         2d3       63%         4
 Fireball                 Conj/Fire      4%         3d4       93%         5


Dungeon Overview and Level Annotations

Branches:
Dungeon (1/1)

Altars:

Shops:
D :![:!?=:[!

Annotations:
D Menkaure


Innate Abilities, Weirdness & Mutations

You cannot wear most types of armour.
You are amphibious.
You can wear up to eight rings at the same time.
Your skin changes colour to match your surroundings (Stealth+).
Your rubbery body absorbs attacks. (AC +1, EV +1)
You are camouflaged near water. (Stealth+)
You have tentacles for arms and can constrict up to eight enemies at once.


Message History

The merfolk siren chants its luring song.
The merfolk siren chants its luring song.
You open the door.
The foxfire hits the merfolk siren.
The merfolk siren is lightly wounded.
The foxfire hits the merfolk siren.
The merfolk siren is moderately wounded.
You are no longer entranced.
Found four shops.
You now have 243 gold pieces.
Found four shops.
There is an open door here.
Menkaure, Prince of Dust comes into view.
Found Nuwe Yklu's Distillery and Zeohiuph's Book Emporium.
Magic courses through your body.
Casting: Foxfire (safe; 9% risk of failure)
Confirm with . or Enter, or press ? or * to list all spells.
You conjure some foxfire!
The foxfire hits the merfolk siren.
The merfolk siren is moderately wounded.
The foxfire hits Menkaure.
Menkaure is burned terribly!
Menkaure is lightly damaged.
Casting: Foxfire (safe; 9% risk of failure)
Confirm with . or Enter, or press ? or * to list all spells.
You miscast Foxfire.
You are very lightly contaminated with residual magic.
Nothing appears to happen.
The merfolk siren is engulfed in a cloud of scalding steam.
The merfolk siren hits you from afar with a +0 trident!
Ouch! That really hurt!
* * * LOW HITPOINT WARNING * * *
Menkaure is engulfed in a cloud of scalding steam.
Menkaure calls on the powers of darkness!
You feel a surge of unholy energy.
The merfolk siren convulses!
Okay, then.
Casting: Foxfire (safe; 9% risk of failure)
Confirm with . or Enter, or press ? or * to list all spells.
You conjure some foxfire!
The merfolk siren is engulfed in a cloud of scalding steam.
The merfolk siren hits you from afar with a +0 trident!
Ouch! That really hurt!
You die...

### #≈## §
########≈≈#+++#
#######≈≈≈....
.....∩#≈≈≈≈.#
....∩.#≈≈≈M#
.....∩#≈§≈≈#
∩.∩.∩.#v@###
.∩.∩..#v##.###+#
∩.∩...#m#..m##.##
.⌠....+≈'.#§'m<.+
......#≈#...##.##
▓▓▓▓###≈##.###+#
Y######≈≈### Y
##≈ +


You could see a merfolk siren (ally target) and Menkaure.

Vanquished Creatures (others)
  A water moccasin (D)
  8 foxfires (D)
9 creatures vanquished.

Notes
Turn   | Place    | Note
-------+----------+-------------------------------------------
     0 | D        | Conn the Octopode Fire Elementalist began the quest for the
                  | Orb.
     0 | D        | Reached XP level 1. HP: 11/11 MP: 3/3
     1 | D        | Noticed a merfolk siren
    14 | D        | Found Dyoc's Distillery.
    14 | D        | Found Kaguk's Magic Scroll Emporium.
    14 | D        | Found Leopp's Book Emporium.
    14 | D        | Found Hafefime's Book Shoppe.
    16 | D        | Found Turudi's Antique Armour Shoppe.
    16 | D        | Found Popusas's Distillery.
    16 | D        | Found Lorel's Jewellery Shoppe.
    16 | D        | Found Faeqiwig's Antique Armour Shoppe.
    17 | D        | Found Nuwe Yklu's Distillery.
    17 | D        | Found Zeohiuph's Book Emporium.
    17 | D        | Noticed Menkaure
    17 | D        | Noticed a yak
    17 | D        | Noticed a yak
    23 | D        | Killed a water moccasin
    24 | D        | Mangled by a merfolk siren

Illustrated notes

Levels and vault maps discovered:
D:        the_violet_keep_of_menkaure [sprint2_stairs_cluster_1,
          sprint2_shoproom, sprint2_temple, sprint2_basic_supplies,
          sprint2_obstacle_3, sprint2_obstacle_6, sprint2_obstacle_7,
          sprint2_obstacle_4, sprint2_obstacle_2, sprint2_timed_cluster_1,
          sprint2_smallroom_cluster_1, sprint2_smallroom_final_cluster_1,
          sprint2_transparent_cluster_1, sprint2_second_timed_cluster_1,
          sprint2_sniper_area_1, sprint2_heavy_combat_area_1,
          sprint2_mutation_trap_area_1, sprint2_forest_area_1,
          sprint2_light_combat_area_1, sprint2_behind_water_1,
          sprint2_near_end_vault_1]

Action                   || total
-------------------------++-------
 Cast: Foxfire           ||     5
  Use: Potion            ||     2
       Scroll            ||     1

Table legend: (Time is in decaauts)
 A = Elapsed time spent in this place.
 B = Non-inter-level travel time spent in this place.
 C = Inter-level travel time spent in this place.
 D = Time resting spent in this place.
 E = Time spent auto-exploring this place.
 F = Levels seen in this place.
 G = Mean time per level.
                   A        B        C        D        E       F      G
               +--------+--------+--------+--------+--------+-----+--------+
         Total |     17 |     17 |      0 |      0 |      0 |   1 |   17.0 |
       Dungeon |     17 |     17 |      0 |      0 |      0 |   1 |   17.0 |
               +--------+--------+--------+--------+--------+-----+--------+

Top non-repeatable levels by time:
       D: 17 daAuts
